AoeStats
← 文風

MegaRandom

505987411Analyzed
1v1 RM · 20d ago on Sep 11, 2026· 30m 26s· 2 players
Game mode
Random Map
Map size
Tiny (2 player)
Population
200
Speed
Normal
Resources
Standard
Victory
Conquest
Starting age
Dark Age
Ending age
Imperial Age
RankedLock teamsTeams togetherTeam positionsShared explorationLock speedFull tech treeHidden civsTurbo modeCheats
Victory
Defeat
🇺🇸 Mongols · United States
1455
+16
🇭🇰 Spanish · Hong Kong SAR China
1456
-16
minor_seth
0:32 Loom
12:29 Feudal Age
13:44 Double-Bit Axe
17:26 Castle Age
16:39 Forging
18:38 Medium Warships
19:26 Gold Mining
19:47 Bow Saw
20:59 Demolition Ship
24:07 Horse Collar
27:03 Fletching
30:02 Stone Mining
文風
12:02 Feudal Age
11:14 Loom
13:23 Double-Bit Axe
15:30 Gold Mining
22:30 Castle Age
23:30 Medium Warships
23:35 Fletching
24:41 Bodkin Arrow
25:13 Ballistics
30:52 Bow Saw
Connection lost

Rejoining the realm…

Still unreachable

The connection could not be restored.

Session expired

The server has moved on; the page needs a fresh start.